 Dungeon Crawl Stone Soup version 0.29.0-13-gc9e81de378 (webtiles) character file.

Game seed: 6876891372478829258

1938 mdonais the Firebug (level 9, -14/59 HPs)
             Began as an Octopode Cinder Acolyte on Sept 8, 2022.
             Was a High Priest of Ignis.
             Demolished by a gnoll sergeant
             ... wielding a +4 spear of distortion
              (23 damage)
             ... on level 6 of the Dungeon.
             The game lasted 00:18:58 (6377 turns).

mdonais the Firebug (Octopode Cinder Acolyte)       Turns: 6377, Time: 00:18:59

Health: -14/59     AC:  1    Str: 13    XL:     9   Next: 18%
Magic:  5/17       EV: 13    Int: 20    God:    Ignis [*****.]
Gold:   179        SH:  0    Dex:  8    Spells: 11/18 levels left

rFire   + + +      SeeInvis .   a - +2 short sword (flame)
rCold   x x .      Faith    .   (no shield)
rNeg    + . .      Spirit   .   (helmet restricted)
rPois   +          Reflect  .   r - amulet of regeneration
rElec   .          Harm     .   o - ring of poison resistance
rCorr   .          Rampage  .   m - ring of fire
Will    .....                   p - ring of fire
Stlth   +++.......              q - ring of positive energy
HPRegen 0.99/turn               (no ring)
MPRegen 0.15/turn               (no ring)
                                (no ring)
                                (no ring)

@: no status effects
A: almost no armour, amphibious, 8 rings, camouflage 1, gelatinous body 1,
(nimble swimmer 1), tentacles
a: Renounce Religion, Fiery Armour, Foxfire Swarm, Rising Flame


You were on level 6 of the Dungeon.
You worshipped Ignis.
Ignis was extremely pleased with you.
You visited 1 branch of the dungeon, and saw 6 of its levels.

You collected 311 gold pieces.
You spent 132 gold pieces at shops.

Inventory:

Hand Weapons
 a - a +2 short sword of flaming (weapon)
   (You found it on level 2 of the Dungeon)
 b - a +1 dagger of flaming
   (You took it off a goblin on level 1 of the Dungeon)
 e - a +1 falchion of electrocution
   (You took it off Terence on level 3 of the Dungeon)
 f - a +0 sling
   (You found it on level 2 of the Dungeon)
Missiles
 x - 9 poisoned darts
 J - 6 atropa-tipped darts
 K - 2 boomerangs of dispersal
Magical Staves
 i - a staff of earth
   (You found it on level 2 of the Dungeon)
Jewellery
 m - a ring of fire (right tentacle)
   (You found it on level 4 of the Dungeon)
 o - a ring of poison resistance (left tentacle)
   (You found it on level 2 of the Dungeon)
 p - a ring of fire (on tentacle)
   (You found it on level 4 of the Dungeon)
 q - a ring of positive energy (on tentacle)
   (You found it on level 4 of the Dungeon)
 r - an amulet of regeneration (around mantle)
   (You found it on level 3 of the Dungeon)
Wands
 y - a wand of quicksilver (10)
   (You found it on level 6 of the Dungeon)
 I - a wand of iceblast (8) (quivered)
   (You found it on level 2 of the Dungeon)
 P - a wand of paralysis (7)
   (You bought it in a shop on level 5 of the Dungeon)
Scrolls
 c - a scroll of teleportation {unknown}
 g - 2 scrolls of enchant weapon
 j - a scroll of noise
 s - a scroll of vulnerability
 t - 2 scrolls of amnesia {unknown}
 u - a scroll of butterflies {unknown}
 z - a scroll of immolation {unknown}
 B - 2 scrolls of blinking
Potions
 d - 2 potions of attraction
 h - 4 potions of brilliance {unknown}
 k - a potion of lignification {unknown}
 l - a potion of flight
 n - a potion of magic {unknown}
 v - a potion of might {unknown}
 w - a potion of invisibility {unknown}
 A - a potion of heal wounds {unknown}
 Q - 5 potions of curing


   Skills:
 + Level 4.5 Fighting
 + Level 3.7 Short Blades
 + Level 2.9 Dodging
 - Level 5.0 Stealth
 + Level 5.3 Spellcasting
 - Level 3.0 Translocations
 - Level 5.4 Fire Magic
 - Level 4.0 Ice Magic
 + Level 3.1 Evocations


You had 11 spell levels left.
You knew the following spells:

 Your Spells              Type           Power      Damage    Failure   Level
a - Scorch                Fire           100%       2d10      1%          2
b - Ozocubu's Armour      Ice            21%        N/A       6%          3
e - Blink                 Tloc           34%        N/A       4%          2

Your spell library contained the following spells:

 Spells                   Type           Power      Damage    Failure   Level
 Lesser Beckoning         Tloc           17%        N/A       10%         3
 Necrotise                Necr           20%        1d5       11%         1
 Vampiric Draining        Necr           5%         2d6       32%         3
 Manifold Assault         Tloc           17%        N/A       65%         5
 Agony                    Necr           5%         N/A       97%         5
 Ozocubu's Refrigeration  Ice            10%        4d9       100%        7


Dungeon Overview and Level Annotations

Branches:
Dungeon (6/15) Zot: 25976  Temple (0/1) D:5

Altars:

Shops:
D:5 *


Innate Abilities, Weirdness & Mutations

You cannot wear most types of armour.
You are amphibious.
You can wear up to eight rings at the same time.
Your skin changes colour to match your surroundings (Stealth+).
Your rubbery body absorbs attacks. (AC +1, EV +1)
((You are camouflaged when in or above water. (Stealth+)))
You have tentacles for arms and can constrict up to eight enemies at once.


Message History

There is an open door here.
There is an open door here.
There is an open door here.
There is an open door here.
You open the door.
There is an open door here.
An orc comes into view. It is wielding a +0 club.
MP restored: 17 An orc is nearby!
The orc shouts!
Casting: Scorch (safe; 1% risk of failure)
Confirm with . or Enter, or press ? or * to list all spells.
You feel a strong surge of power!
Flames lash the orc.
You kill the orc!
You now have 15/17 mp.
x - 9 poisoned darts (gained 6) MP restored: 17 You open the door.
There is an open door here.
Found a spear.
No target in view!
R - a scroll of identify
As you read the scroll of identify, it crumbles to dust.
s - a scroll of vulnerability You see here a +0 spear.
There is a stone staircase leading up here.
Found a robe.
A gnoll comes into view. It is wielding a +0 club.
Found an emerald potion.
A gnoll comes into view. It is wielding a +0 flail.
Casting: Scorch (safe; 1% risk of failure)
Confirm with . or Enter, or press ? or * to list all spells.
You feel a strong surge of power!
Flames lash the gnoll.
The gnoll shouts!
The gnoll is lightly wounded.
The gnoll's fire resistance burns away.
A gnoll sergeant comes into view.
It is wielding a +4 spear of distortion.
A gnoll comes into view. It is wielding a +0 club.
You now have 15/17 mp.
Casting: Scorch (safe; 1% risk of failure)
Confirm with . or Enter, or press ? or * to list all spells.
You feel a strong surge of power!
Flames lash the gnoll.
The gnoll is burned terribly!
You kill the gnoll!
The gnoll sergeant shouts!
The gnoll shouts!
A gnoll comes into view. It is wielding a +0 flail.
You now have 13/17 mp.
A gnoll comes into view. It is wielding a +0 spear.
There is an open door here.
MP restored: 17
Casting: Scorch (safe; 1% risk of failure)
Confirm with . or Enter, or press ? or * to list all spells.
You feel a strong surge of power!
Flames lash the gnoll sergeant.
The gnoll sergeant is heavily wounded.
The gnoll sergeant's fire resistance burns away.
You now have 15/17 mp.
Casting: Scorch (safe; 1% risk of failure)
Confirm with . or Enter, or press ? or * to list all spells.
You feel a strong surge of power!
Flames lash the gnoll sergeant.
The gnoll sergeant is burned terribly!
The gnoll sergeant is almost dead.
You hear a shout!
The gnoll sergeant misses you.
You now have 13/17 mp.
Casting: Scorch (safe; 1% risk of failure)
Confirm with . or Enter, or press ? or * to list all spells.
You feel a strong surge of power!
Flames lash the gnoll.
The gnoll is moderately wounded.
The gnoll's fire resistance burns away.
The gnoll sergeant hits you from afar with a +4 spear of distortion!!
You blink.
The gnoll hits you but does no damage.
You take 19 damage, and have 40/59 hp.
MASSIVE DAMAGE!!
You now have 11/17 mp.
Casting: Scorch (safe; 1% risk of failure)
Confirm with . or Enter, or press ? or * to list all spells.
You feel a strong surge of power!
Flames lash the gnoll.
The gnoll is heavily wounded.
The gnoll's fire resistance burns away.
The gnoll sergeant hits you with a +4 spear of distortion!
Space warps horribly around you!
* * * LOW HITPOINT WARNING * * *
The gnoll closely misses you.
You take 24 damage, and have 16/59 hp.
MASSIVE DAMAGE!!
You now have 9/17 mp.
Casting: Scorch (safe; 1% risk of failure)
Confirm with . or Enter, or press ? or * to list all spells.
You blink.
You now have 7/17 mp.
There is a stone staircase leading up here.
You climb upwards.
There is a stone staircase leading down here.
You regained 3 hp, and now have 21/59 hp.
You feel stable enough to blink again.
There is a stone staircase leading down here.
You regained 2 hp, and now have 23/59 hp.
You start resting.
HP restored.
Health restored: 59 You regained 6 mp, and now have 14/17 mp.
You start resting.
Magic restored.
MP restored: 17 You climb downwards.
There is a stone staircase leading up here.
There is an open door here.
You open the door.
There is an open door here.
K - 2 boomerangs of dispersal
Casting: Blink (safe; 4% risk of failure)
Confirm with . or Enter, or press ? or * to list all spells.
You feel a strong surge of power!
Flames lash the gnoll.
The gnoll shouts!
The gnoll is heavily wounded.
The gnoll's fire resistance burns away.
The gnoll shouts!
You hear a shout! x2
You now have 15/17 mp.
Casting: Scorch (safe; 1% risk of failure)
Confirm with . or Enter, or press ? or * to list all spells.
You feel a strong surge of power!
Flames lash the gnoll.
The gnoll is burned terribly!
You kill the gnoll!
You now have 13/17 mp.
Casting: Scorch (safe; 1% risk of failure)
Confirm with . or Enter, or press ? or * to list all spells.
You feel a strong surge of power!
Flames lash the gnoll sergeant.
The gnoll sergeant is heavily wounded.
The gnoll sergeant's fire resistance burns away.
You now have 11/17 mp.
Casting: Scorch (safe; 1% risk of failure)
Confirm with . or Enter, or press ? or * to list all spells.
You feel a strong surge of power!
Flames lash the gnoll sergeant.
The gnoll sergeant is burned terribly!
The gnoll sergeant is almost dead.
The gnoll sergeant hits you from afar with a +4 spear of distortion!
Space warps around you.
You take 16 damage, and have 43/59 hp.
MASSIVE DAMAGE!!
You now have 9/17 mp.
Casting: Scorch (safe; 1% risk of failure)
Confirm with . or Enter, or press ? or * to list all spells.
You feel a strong surge of power!
Flames lash the gnoll.
You kill the gnoll!
The gnoll sergeant hits you from afar with a +4 spear of distortion!
Space warps horribly around you!
You take 21 damage, and have 22/59 hp.
MASSIVE DAMAGE!!
You now have 7/17 mp.
Casting: Scorch (safe; 1% risk of failure)
Confirm with . or Enter, or press ? or * to list all spells.
You feel a strong surge of power!
Flames lash the gnoll.
The gnoll is moderately wounded.
The gnoll's fire resistance burns away.
The gnoll sergeant hits you from afar with a +4 spear of distortion!
* * * LOW HITPOINT WARNING * * *
Space warps horribly around you!!
You die...

.#.###.# #.# #.# #####
##.###.###.# #.###g###.#
#.........# #....g....#
###.####### #####g######+##
##.###### #g# ##...## ###.......#
####.# ##.....## #.......#.#
##.##.###.>.)...##
#....##.#.######[..#.##.........#
................@...............'
#.....#.#.######...#.##.........#
#.#.#.#.#.# ####g##.###g......##
#.......#.# #...g##.# #......##
###.#.###.# #.......# #.#...##
#.......# #....#### #.##g##
###.##### ##.#.### #.##.# #.#
#......####.##.# #.#
#..#........##.##


You could see a gnoll sergeant (combustible) and a gnoll (combustible).

Vanquished Creatures
  Sigmund (D:3)
  A water moccasin (D:5)
  An ice beast (D:6)
  A sky beast (D:6)
  4 black bears
  A centaur (D:5)
  A phantom (D:5)
  The ghost of sasquatch the Sneak, an amateur SpBr (D:3)
  A necrophage (D:4)
  5 scorpions
  5 hounds
  2 jellies
  Jessica (D:3)
  Terence (D:3)
  An iguana (D:5)
  Natasha (thrice) (D:3)
  10 adders
  2 river rats (D:3)
  3 gnolls (D:6)
  A dart slug (D:5)
  3 orcs
  8 ball pythons
  7 endoplasms
  7 giant cockroaches
  5 goblins
  8 hobgoblins
  6 quokkas
  4 bats
  6 frilled lizards
  10 kobolds
  5 rats
115 creatures vanquished.

Notes
Turn   | Place    | Note
-------+----------+-------------------------------------------
     0 | D:1      | mdonais the Octopode Cinder Acolyte began the quest for the
                  | Orb.
     0 | D:1      | Reached XP level 1. HP: 16/16 MP: 2/2
    31 | D:1      | Reached skill level 1 in Stealth
   106 | D:1      | Reached XP level 2. HP: 8/21 MP: 3/3
   747 | D:1      | Reached XP level 3. HP: 26/26 MP: 4/4
   751 | D:1      | Learned a level 2 spell: Scorch
  1652 | D:2      | Learned a level 2 spell: Blink
  1730 | D:3      | Reached XP level 4. HP: 31/31 MP: 6/6
  1794 | D:3      | Noticed Natasha
  1804 | D:3      | Killed Natasha
  1909 | D:3      | Found a runed translucent door.
  1911 | D:3      | Noticed Terence
  1927 | D:3      | Reached skill level 1 in Translocations
  2017 | D:3      | Noticed Sigmund
  2034 | D:3      | Noticed Natasha
  2045 | D:3      | Killed Natasha
  2046 | D:3      | Reached XP level 5. HP: 14/36 MP: 1/8
  2242 | D:3      | Noticed Natasha
  2246 | D:3      | Killed Natasha
  2335 | D:3      | Found a runed translucent door.
  2337 | D:3      | Noticed sasquatch's ghost (amateur SpBr)
  2616 | D:3      | Noticed Jessica
  2619 | D:3      | Killed Jessica
  2762 | D:3      | Reached XP level 6. HP: 42/42 MP: 5/10
  3156 | D:3      | Killed Sigmund
  3157 | D:3      | Reached skill level 5 in Fire Magic
  3162 | D:3      | Learned a level 3 spell: Ozocubu's Armour
  3234 | D:3      | Killed sasquatch's ghost
  3235 | D:3      | Reached skill level 1 in Evocations
  3235 | D:3      | Reached XP level 7. HP: 46/46 MP: 6/11
  3309 | D:3      | Killed Terence
  4428 | D:5      | Entered Level 5 of the Dungeon
  4492 | D:5      | Found Koez Xehy's Assorted Antiques.
  4496 | D:5      | Reached skill level 1 in Dodging
  4496 | D:5      | Reached skill level 5 in Stealth
  4496 | D:5      | Reached XP level 8. HP: 46/54 MP: 6/14
  4600 | D:5      | Reached skill level 1 in Ice Magic
  4914 | D:5      | Reached skill level 5 in Spellcasting
  5170 | D:5      | Bought a glass wand for 108 gold pieces
  5170 | D:5      | Bought a red potion for 24 gold pieces
  5181 | D:5      | Found a staircase to the Ecumenical Temple.
  5381 | D:6      | Reached XP level 9. HP: 58/58 MP: 11/16
  6377 | D:6      | Demolished by a gnoll sergeant

Illustrated notes

Levels and vault maps discovered:
D:1:      dpeg_arrival_rhombus, layout_rooms, minmay_misc_feat_nine_boxes
D:2:      layout_rooms, kennysheep_small_spiral
D:3:      layout_rooms, ebering_ghost_sewer_f, uniq_sigmund, uniq_jessica,
          uniq_natasha, uniq_terence
D:4:      layout_gridville, solitary_fountain
D:5:      layout_rooms, minmay_temple_entry_overgrown, serial_shops, shop,
          st_stairs_12
D:6:      layout_loops_corners, nicolae_figureground_pulse

Skill      XL: |  1  2  3  4  5  6  7  8 |
---------------+-------------------------+-----
Stealth        | 2 3 4 5 |  5.0
Spellcasting   | 2 3 4 5 |  5.3
Translocations | 1 2 3 |  3.0
Fire Magic     | 4 5 |  5.4
Evocations     | 1 3 |  3.1
Fighting       | 4 |  4.5
Dodging        | 1 2 |  2.9
Ice Magic      | 4 |  4.0
Short Blades   | |  3.7

Action                   |  1- 3 |  4- 6 |  7- 9 || total
-------------------------+-------+-------+-------++-------
Melee: Dagger            |    51 |       |     1 ||    52
       Short sword       |    24 |    21 |     9 ||    54
       Constrict         |    17 |     3 |     1 ||    21
       Tentacles         |    14 |     5 |     2 ||    21
 Cast: Scorch            |     5 |    32 |    84 ||   121
       Ozocubu's Armour  |       |       |     2 ||     2
       Blink             |       |       |     1 ||     1
Evoke: Wand              |       |     1 |       ||     1
  Use: Scroll            |       |     3 |     3 ||     6
 Stab: Sleeping          |    12 |     6 |     4 ||    22
Armor: Skin              |     7 |       |     1 ||     8
Dodge: Dodged            |    28 |    20 |    11 ||    59
